AoeStats
← Launger

Black Forest

507955723Analyzed
4v4 RM · 13d ago on Sep 20, 2026· 95m 4s· 8 players
Game mode
Random Map
Map size
Large (8 player)
Population
200
Speed
Normal
Resources
Standard
Victory
Conquest
Starting age
Dark Age
Ending age
Imperial Age
RankedLock teamsTeams togetherTeam positionsShared explorationLock speedFull tech treeHidden civsTurbo modeCheats
Victory
Defeat
🇨🇱 Saracens · Chile
1136
+14
🇵🇱 Mongols · Poland
1104
+15
🇳🇱 Georgians · Netherlands
1089
+16
🇷🇺 Bengalis · Russia
1075
+16
🇨🇳 Byzantines · China
1119
-29
🇬🇪 Malians · Georgia
1090
-15
🇷🇺 Poles · Russia
1065
-14
🇮🇳 Ethiopians · India
1048
-14
Launger
10:02 Feudal Age
13:13 Double-Bit Axe
15:55 Castle Age
17:15 Bow Saw
19:26 Horse Collar
22:24 Wheelbarrow
21:37 Loom
22:54 Gold Mining
23:40 Hand Cart
24:11 Gold Shaft Mining
29:04 Imperial Age
27:11 Ballistics
27:01 Stone Mining
28:35 Stone Shaft Mining
29:27 Town Watch
29:46 Murder Holes
30:53 Chemistry
30:06 Fortified Wall
29:55 Fletching
30:06 Padded Archer Armor
31:02 Bodkin Arrow
31:26 Siege Engineers
32:20 Leather Archer Armor
32:06 Bracer
32:43 Conscription
32:52 Drill
32:29 Elite Mangudai
34:23 Forging
34:13 Scale Mail Armor
35:02 Fortified Wall
35:06 Masonry
36:08 Iron Casting
37:03 Capped Ram
38:11 Siege Ram
41:29 Murder Holes
60:39 Light Cavalry
61:30 Scale Barding Armor
81:10 Chain Barding Armor
81:51 Blast Furnace
84:15 Chain Mail Armor
90:31 Bloodlines
89:51 Hussar
Komposita
8:45 Loom
8:49 Loom
11:34 Feudal Age
14:15 Double-Bit Axe
16:31 Fishing Lines
19:40 Castle Age
17:34 Horse Collar
20:44 Gillnets
21:30 Bow Saw
23:16 Heavy Plow
25:28 Forging
25:23 Scale Barding Armor
25:09 Fletching
26:58 Gold Mining
28:48 Wheelbarrow
27:59 Town Watch
28:41 Stone Mining
29:28 Gold Shaft Mining
30:42 Iron Casting
30:27 Chain Barding Armor
30:03 Bodkin Arrow
30:26 Hand Cart
30:11 Town Patrol
30:46 Treadmill Crane
33:54 Imperial Age
33:00 Elite Skirmisher
34:07 Ballistics
34:09 Thumb Ring
36:13 Chemistry
35:15 Bracer
36:56 Two-Man Saw
38:34 Conscription
39:20 Murder Holes
39:35 Masonry
40:48 Blast Furnace
40:24 Plate Barding Armor
53:55 Padded Archer Armor
54:45 Caravan
55:40 Siege Engineers
60:19 Leather Archer Armor
64:41 Ring Archer Armor
72:06 Pikeman
91:20 Light Cavalry
92:27 Bloodlines
92:18 Husbandry
92:25 Hussar
FIREFOXking_G
1:01 Loom
10:33 Feudal Age
11:00 Double-Bit Axe
10:37 Man-at-Arms
11:17 Arson
13:28 Horse Collar
16:43 Wheelbarrow
21:01 Castle Age
24:13 Heavy Plow
24:26 Bow Saw
24:30 Gold Mining
26:50 Stone Mining
28:19 Fortified Wall
28:55 Fletching
33:43 Imperial Age
31:33 Hand Cart
32:45 Scale Barding Armor
32:50 Forging
34:23 Bloodlines
34:13 Husbandry
34:35 Chain Barding Armor
34:54 Iron Casting
34:40 Aznauri Cavalry
34:56 Conscription
33:59 Elite Monaspa
36:47 Plate Barding Armor
37:03 Town Watch
38:27 Blast Furnace
41:13 Chemistry
40:09 Murder Holes
40:26 Masonry
40:17 Bodkin Arrow
41:19 Aznauri Cavalry
44:13 Town Patrol
44:37 Treadmill Crane
45:28 Architecture
45:19 Ballistics
45:07 Siege Engineers
50:02 Stone Shaft Mining
49:26 Elite Skirmisher
50:10 Padded Archer Armor
50:30 Bracer
53:36 Leather Archer Armor
56:21 Guard Tower
56:17 Arrowslits
56:25 Guard Tower
59:55 Crop Rotation
61:09 Caravan
62:48 Hoardings
62:28 Svan Towers
63:05 Keep
78:32 Sappers
78:38 Sappers
81:37 Light Cavalry
83:42 Coinage
85:19 Hussar
just horsing around
0:42 Loom
13:31 Feudal Age
17:58 Castle Age
16:11 Double-Bit Axe
16:13 Horse Collar
21:06 Bow Saw
24:36 Wheelbarrow
24:42 Heavy Plow
25:43 Forging
25:39 Scale Barding Armor
26:56 Husbandry
27:10 Bloodlines
28:53 Chain Barding Armor
29:09 Iron Casting
30:33 Hand Cart
30:04 Town Watch
31:04 Caravan
36:38 Imperial Age
35:11 Fletching
41:10 Two-Man Saw
40:48 Crop Rotation
42:56 Elite Battle Elephant
47:18 Plate Barding Armor
51:15 Blast Furnace
divyam_10
4:12 Loom
11:39 Feudal Age
17:59 Castle Age
16:16 Double-Bit Axe
16:17 Horse Collar
19:36 Bow Saw
19:35 Heavy Plow
24:04 Wheelbarrow
23:15 Town Watch
25:17 Padded Archer Armor
26:21 Forging
28:32 Iron Casting
27:57 Scale Mail Armor
32:00 Imperial Age
30:19 Chain Mail Armor
30:09 Squires
30:18 Gold Mining
30:20 Stone Mining
33:17 Plate Mail Armor
33:48 Blast Furnace
33:27 Arson
35:55 Elite Shotel Warrior
36:56 Conscription
39:32 Murder Holes
43:44 Halberdier
52:17 Two-Man Saw
57:52 Coinage
58:56 Hand Cart
62:32 Banking
62:06 Caravan
63:15 Leather Archer Armor
717504720
5:17 Loom
11:03 Feudal Age
12:08 Double-Bit Axe
13:12 Fishing Lines
17:25 Castle Age
15:25 Fishing Lines
18:47 Bow Saw
19:11 Gillnets
20:45 Wheelbarrow
22:25 Gold Mining
23:24 Hand Cart
23:25 Horse Collar
24:54 Gold Shaft Mining
24:11 Stone Mining
27:44 Imperial Age
26:06 Gold Shaft Mining
26:07 Stone Shaft Mining
25:50 Treadmill Crane
26:42 Heavy Plow
27:09 Padded Archer Armor
28:17 Leather Archer Armor
29:25 Chemistry
29:28 Two-Man Saw
30:06 Ring Archer Armor
34:02 Ballistics
33:32 Guard Tower
33:28 Arrowslits
33:34 Fletching
35:09 Guilds
35:47 Keep
35:08 Bodkin Arrow
36:16 Bracer
36:12 Murder Holes
37:04 Crop Rotation
37:37 Caravan
44:33 Coinage
45:53 Banking
48:18 Pikeman
48:58 Squires
48:43 Arson
49:00 Scale Mail Armor
49:10 Forging
51:20 Halberdier
51:23 Elite Skirmisher
52:09 Thumb Ring
53:30 Chain Mail Armor
53:50 Iron Casting
59:08 Plate Mail Armor
59:17 Conscription
59:34 Hoardings
65:12 Crossbowman
71:50 Scale Barding Armor
82:19 Husbandry
81:41 Cavalier
83:21 Chain Barding Armor
82:48 Paladin
86:10 Plate Barding Armor
Dante_in_the_deep
1:22 Loom
12:33 Feudal Age
19:04 Double-Bit Axe
23:41 Castle Age
22:53 Fletching
23:05 Scale Mail Armor
23:21 Horse Collar
23:38 Gold Mining
26:29 Bodkin Arrow
26:50 Chain Mail Armor
25:59 Man-at-Arms
27:51 Pikeman
29:40 Long Swordsman
31:58 Squires
32:15 Forging
36:08 Iron Casting
37:48 Wheelbarrow
40:38 Imperial Age
39:11 Gold Shaft Mining
38:51 Bow Saw
38:43 Heavy Plow
41:02 Elite Skirmisher
42:31 Plate Mail Armor
42:29 Pikeman
48:05 Two-Handed Swordsman
48:45 Arson
51:03 Two-Handed Swordsman
52:56 Champion
76:11 Ballistics
76:51 Chemistry
78:27 Thumb Ring
xxSlyxx
2:19 Loom
12:11 Feudal Age
17:14 Fishing Lines
20:58 Castle Age
19:22 Bloodlines
19:53 Gold Mining
20:31 Scale Barding Armor
20:16 Double-Bit Axe
20:52 Forging
21:14 Bloodlines
21:19 Horse Collar
21:43 Light Cavalry
22:23 Husbandry
23:48 Iron Casting
23:40 Chain Barding Armor
24:06 Town Watch
24:43 Stone Mining
26:22 Wheelbarrow
27:50 Hand Cart
28:21 Town Patrol
29:16 Caravan
33:31 Imperial Age
31:42 Ballistics
31:14 Fletching
33:44 Szlachta Privileges
33:40 Bodkin Arrow
34:38 Conscription
33:43 Cavalier
33:50 Winged Hussar
35:44 Blast Furnace
35:56 Bracer
40:11 Padded Archer Armor
41:34 Leather Archer Armor
45:07 Chemistry
44:15 Siege Engineers
46:14 Hoardings
45:35 Treadmill Crane
46:06 Masonry
47:03 Lechitic Legacy
47:06 Masonry
46:27 Elite Skirmisher
51:22 Thumb Ring
53:18 Bow Saw
55:04 Squires
55:19 Scale Mail Armor
57:15 Chain Mail Armor
57:27 Pikeman
58:24 Murder Holes
58:15 Arrowslits
58:38 Heavy Plow
58:51 Sappers
59:31 Guard Tower
59:52 Fortified Wall
60:43 Plate Mail Armor
62:02 Keep
62:35 Crop Rotation
Connection lost

Rejoining the realm…

Still unreachable

The connection could not be restored.

Session expired

The server has moved on; the page needs a fresh start.